Map: Golden Wall LE

Players

Bryce

  • Race: Protoss Protoss
  • League: Silver
  • Spawn Location: 7:00

antagomiR - Winner!

  • Race: Protoss Protoss
  • League: Gold
  • Spawn Location: 5:00

VOD

Have the link to the VOD?

Description

Time

  • Played on: April 3, 2020, 8:42 p.m.
  • Length: 7:04
Show
View Real Time Build Order
Export as new Build Order

Bryce Protoss 

Build Orders:  

Get SALT Encoding   

  12  0:01  Probe (Chrono Boost)  
  13  0:16  Pylon  
  13  0:17  Probe  
  14  0:38  Forge  
  14  0:48  Gateway  
  14  0:51  Probe  
  15  1:00  Assimilator  
  15  1:03  Probe  
  16  1:10  Pylon  
  16  1:24  Pylon  
  16  1:32  Pylon  
  16  1:46  Photon Cannon  
  15  2:02  Zealot  
  17  2:12  Photon Cannon  
  17  2:19  Assimilator  
  17  2:34  Photon Cannon  
  17  2:39  Cybernetics Core  
  16  2:51  Photon Cannon  
  16  3:00  Pylon  
  16  3:04  Probe (Chrono Boost)  
  17  3:14  Probe (Chrono Boost)  
  17  3:19  Probe (Chrono Boost)  
  18  3:20  Photon Cannon  
  19  3:29  Stalker  
  21  3:37  Probe (Chrono Boost)  
  22  3:47  Probe (Chrono Boost)  
  23  4:04  Nexus  
  23  4:14  Pylon  
  23  4:21  Warp Gate (Chrono Boost)  
  23  4:25  Gateway  
  23  4:28  Probe (Chrono Boost)  
  24  4:38  Probe (Chrono Boost)  
  25  4:42  Gateway  
  25  4:54  Pylon  
  25  5:05  Gateway  
  25  5:14  Assimilator  
  25  5:18  Probe (Chrono Boost)  
  27  5:28  Probe (Chrono Boost)  
  27  5:31  Gateway  
  27  5:35  Probe (Chrono Boost)  
  28  5:37  Probe (Chrono Boost)  
  29  5:47  Probe (Chrono Boost)  
  29  5:49  Probe (Chrono Boost)  
  31  5:51  Stalker  
  31  5:53  Probe (Chrono Boost)  
  34  6:04  Probe  
  34  6:07  Stalker  
  34  6:10  Stalker  
  33  6:30  Stalker x2  
  33  6:31  Stalker  
  34  6:47  Pylon  
  34  6:49  Pylon  
Show
View Real Time Build Order
Export as new Build Order

antagomiR Protoss - Winner!

Build Orders: Blink Stalkers 

Get SALT Encoding   

  12  0:01  Probe  
  13  0:13  Probe  
  14  0:19  Pylon  
  14  0:30  Probe  
  15  0:39  Gateway  
  15  0:42  Probe  
  16  0:54  Probe  
  16  0:56  Assimilator  
  17  1:06  Probe  
  18  1:18  Probe  
  19  1:28  Cybernetics Core  
  19  1:42  Zealot  
  21  1:58  Probe  
  22  2:11  Probe, Stalker (Chrono Boost)  
  23  2:20  Warp Gate (Chrono Boost)  
  23  2:24  Assimilator  
  23  2:37  Pylon  
  23  2:55  Probe, Stalker (Chrono Boost)  
  26  3:03  Gateway  
  26  3:07  Probe, Gateway  
  27  3:14  Twilight Council  
  27  3:19  Probe  
  28  3:22  Stalker (Chrono Boost)  
  30  3:31  Probe  
  31  3:47  Blink (Chrono Boost)  
  31  4:11  Pylon  
  31  4:27  Pylon  
  31  4:29  Probe  
  32  4:33  Stalker x3  
  32  4:36  Pylon  
  38  4:50  Pylon  
  38  5:00  Stalker x3  
  38  5:03  Gateway  
  44  5:27  Stalker x2  
  48  5:29  Pylon  
  48  5:43  Stalker  
  48  5:47  Probe  
  51  5:51  Stalker x2  
  47  6:49  Stalker x2  
  47  6:50  Stalker x2  
Tags
 
Composition
Blink Stalkers
Matchup
PvP
Replay Pack
20200422
Spawn Locations
Close Positions
Add a new tag
Caveats
  • Supply blocks, unpowered buildings, or Contaminate may cause inaccurate times.
  • Supply counts are checked every 10 seconds.